 Dungeon Crawl Stone Soup version 0.21.1-1-g345015f (webtiles) character file.

27303 Monsterracer the Frost Mage (level 13, 0/65 HPs)
             Began as a Vine Stalker Ice Elementalist on Feb 15, 2018.
             Was a High Priest of Kikubaaqudgha.
             Slain by a redback (10 damage)
             ... on level 1 of the Lair of Beasts.
             The game lasted 01:09:29 (19826 turns).

Monsterracer the Frost Mage (VSIE)                 Turns: 19826, Time: 01:09:30

Health: 0/65       AC: 17    Str: 17    XL:     13   Next: 31%
Magic:  0/27       EV: 21    Int: 19    God:    Kikubaaqudgha [*****.]
Gold:   1082       SH:  0    Dex: 14    Spells: 3/30 levels left

rFire    . . .     SeeInvis .   a - +7 scimitar
rCold    . . .     Gourm    .   (no shield)
rNeg     . . .     Faith    .   k - +0 robe
rPois    .         Spirit   +   l - +1 helmet
rElec    .         Reflect  .   d - +2 cloak
rCorr    .         Harm     .   v - +1 pair of gloves
MR       +....                  E - +0 pair of boots
Stlth    ++++......             (no amulet)
HPRegen  1.00/turn              f - +6 ring of evasion
MPRegen  0.20/turn              h - +4 ring of strength

@: lethally poisoned (0 -> -1), icy armour, slowed, very slow
A: fangs 3, regeneration 2, magic shield, antimagic bite, no potion heal 3, rot
immunity
a: Receive Corpses, Torment, Renounce Religion


You were on level 1 of the Lair of Beasts.
You worshipped Kikubaaqudgha.
Kikubaaqudgha was extremely pleased with you.
You were not hungry.

You visited 4 branches of the dungeon, and saw 17 of its levels.

You collected 1082 gold pieces.

Inventory:

Hand Weapons
 a - a +7 scimitar (weapon)
Armour
 d - a +2 cloak (worn)
 k - a +0 robe (worn)
 l - a +1 helmet (worn)
 o - a +0 shield
 v - a +1 pair of gloves (worn)
 E - a +0 pair of boots (worn)
Magical Staves
 b - an uncursed staff of power {!a}
Jewellery
 f - a +6 ring of evasion (left hand)
 h - a +4 ring of strength (right hand)
 D - an uncursed ring of fire
Wands
 x - a wand of disintegration (16)
 y - a wand of enslavement (14)
 B - a wand of polymorph (23)
Scrolls
 i - 5 scrolls of magic mapping {!r}
 j - 4 scrolls of blinking
 t - 6 scrolls of remove curse
 u - 3 scrolls of teleportation
Potions
 e - a potion of flight
 g - 2 potions of brilliance
 m - 2 potions of resistance
 n - 3 potions of curing
 p - 3 potions of ambrosia {!q}
 q - a potion of might {unknown}
 w - 2 potions of haste
 z - 2 potions of cancellation
 A - a potion of degeneration {unknown}
 C - a potion of agility {unknown}
Books
 F - Kikubaaqudgha's Volume of Darkness
   (Kikubaaqudgha gifted it to you on level 1 of the Lair of Beasts)

   Spells                             Type                      Level
   a - Excruciating Wounds            Charms/Necromancy            5
   b - Bolt of Draining               Conjuration/Necromancy       5
   c - Borgnjor's Vile Clutch         Necromancy/Earth             5
   d - Dispel Undead                  Necromancy                   5
   e - Simulacrum                     Ice/Necromancy               6
Comestibles
 c - 28 rations
 r - 6 chunks of flesh


   Skills:
 + Level 6.2 Fighting
 * Level 6.9 Long Blades
 + Level 5.3 Dodging
 + Level 8.0 Stealth
 + Level 9.2 Spellcasting
 - Level 5.0 Conjurations
 - Level 5.0 Charms
 - Level 3.0 Summonings
 * Level 9.4 Necromancy
 - Level 10.0 Ice Magic
 - Level 2.0 Air Magic


You had 3 spell levels left.
You knew the following spells:

 Your Spells              Type           Power        Failure   Level  Hunger
a - Freeze                Ice            ####         1%          1    None
b - Throw Icicle          Conj/Ice       #####...     3%          4    ###....
c - Ozocubu's Armour      Chrm/Ice       #####...     1%          3    None
d - Summon Ice Beast      Ice/Summ       ####....     5%          4    ###....
e - Corpse Rot            Necr           N/A          1%          2    None
f - Vampiric Draining     Necr           #####.....   1%          3    None
g - Simulacrum            Ice/Necr       #####.....   22%         6    ######.
t - Sublimation of Blood  Necr           #####.....   1%          2    None
u - Swiftness             Chrm/Air       ###.....     2%          2    None


Dungeon Overview and Level Annotations

Branches:
Dungeon (12/15)            Temple (1/1) D:6            Lair (2/6) D:9
    Orc (2/2) D:12
  Swamp: Lair:2-4    Shoals: Lair:2-4     Snake: Lair:2-4    Spider: Lair:2-4
    Elf: Orc:2

Altars:
Ashenzari
Cheibriados
Dithmenos
Elyvilon
Fedhas
Gozag
Hepliaklqana
Kikubaaqudgha
Makhleb
Nemelex Xobeh
Okawaru
Qazlal
Ru
Sif Muna
Trog
Uskayaw
Vehumet
Wu Jian
Xom
Yredelemnul
Zin
The Shining One
Beogh

Shops:
D:7 }   D:8 %   Orc:2 }

Annotations:
Lair:2 Sonja


Innate Abilities, Weirdness & Mutations

You have razor-sharp teeth.
You heal very quickly.
When hurt, damage is shared between your health and your magic reserves.
Your bite disrupts and absorbs the magic of your enemies.
Potions cannot restore your health.
You are immune to rotting.


Message History

MP restored: 27 A water moccasin comes into view.
A water moccasin is nearby!
Found a stone staircase leading up.
You closely miss the water moccasin.
You bite the water moccasin, but do no damage.
The water moccasin misses you.
The water moccasin completely misses you.
You riposte.
You slash the water moccasin!
The water moccasin is severely wounded.
You hit the water moccasin. You bite the water moccasin. You drain its power.
The water moccasin is almost dead.
The water moccasin completely misses you.
You slash the water moccasin!
You kill the water moccasin!
Kikubaaqudgha accepts your kill.
No target in view!
You enter the shallow water.
Moving in this stuff is going to be slow.
Key pressed, stopping explore.
No target in view!
A redback comes into view.
A redback is nearby!
What are your orders? t - Shout!
Orders for allies: a - Attack new target. r - Retreat! s - Stop attacking. g - Guard the area. f - Follow me.
Anything else - Cancel.
You shout for attention!
You hear a shout!
Sonja, the Graceful Assassin comes into view.
She is wielding a dagger of distortion.
Sonja unwields an uncursed dagger of distortion.
Its appearance distorts for a moment.
Sonja wields an uncursed blowgun.
Sonja shoots a curare-tipped needle.
The curare-tipped needle hits you.
You are poisoned.
You have difficulty breathing.
You feel yourself slow down.
You take 4 damage, and have 61/65 hp.
You now have 25/27 mp.
You feel sick.
Sonja shoots a curare-tipped needle.
The curare-tipped needle closely misses you.
You see here a water moccasin corpse.
You take 1 damage, and have 60/65 hp.
You feel sick. The redback bites you!
You are more poisoned.
The redback poisons you!
Sonja mumbles some strange words.
Sonja blinks!
The redback bites you!
Found a club.
You take 18 damage, and have 42/65 hp.
MASSIVE DAMAGE!!
You now have 18/27 mp.
You feel very sick.
Sonja gestures wildly while chanting.
Sonja blinks!
The redback bites you!
* * * LOW HITPOINT WARNING * * *
Sonja shoots a curare-tipped needle.
The curare-tipped needle misses you.
There is a stone staircase leading up here.
You take 13 damage, and have 29/65 hp.
You now have 14/27 mp.
You feel very sick. The redback completely misses you.
You riposte.
You closely miss the redback.
Sonja casts a spell.
Sonja blinks!
The redback completely misses you.
Sonja shoots a curare-tipped needle.
The curare-tipped needle closely misses you.
You climb upwards.
You feel very sick.
There is a stone staircase leading down here.
You take 5 damage, and have 24/65 hp.
Casting: Throw Icicle
Confirm with . or Enter, or press ? or * to list all spells.
Aiming: Freeze
Press: ? - help, Shift-Dir - straight line, f - redback
Aim: a redback You freeze the redback.
The redback is lightly wounded.
You feel very sick. The redback bites you!
* * * LOW HITPOINT WARNING * * *
The redback completely misses you.
You riposte.
You hit the redback. Your bite misses the redback.
The redback is lightly wounded.
The redback closely misses you.
You take 12 damage, and have 12/65 hp.
You now have 8/27 mp.
Press: ? - help, v - describe, . - travel
Here: a redback (lightly wounded)
The floor.
Casting: Freeze
Confirm with . or Enter, or press ? or * to list all spells.
A film of ice covers your body!
You feel sick. The redback closely misses you.
The redback bites you but does no damage.
You now have 5/27 mp.
Casting: Ozocubu's Armour
Confirm with . or Enter, or press ? or * to list all spells.
Aiming: Freeze
Press: ? - help, Shift-Dir - straight line, f/p - redback
Aim: a redback (lightly wounded)
You freeze the redback.
The redback is lightly wounded.
You feel very sick. The redback completely misses you. The redback bites you!
You die...
Kikubaaqudgha rasps: "You have failed me!
Welcome... death!"

...............................#
................#..............#
..####..........##.....#.####.##
..####..........#P..#.##.####.#
..#.##PP##...##.##..#.........#
......................#.###P#.#
.......................## ###.#
....#P#..###....s.....## #.#
#..####### #....@.....# ##.#
.....## ###...###..#.# #P.#
......####.#...###....# ####.#
................##.##.# #P#P.#
.................###### #.(..#
.................# ##....##
................## ##......##
...............## #........#
..............## ##.....).#


You could see a redback.

Vanquished Creatures
  A hydra (Lair:1)
  A catoblepas (Lair:1)
  5 two-headed ogres
  The ghost of sankara the Covert, a novice DrEn of Dithmenos (D:8)
  An unseen horror (D:12)
  An orc knight (D:12)
  2 ugly things
  2 orc sorcerers (Orc:2)
  A cyclops (D:11)
  A manticore (D:12)
  Maurice (D:9)
  A black mamba (Lair:1)
  A komodo dragon (Lair:1)
  3 trolls
  A queen bee (D:7)
  4 hippogriffs
  A slime creature (D:12)
  A wraith (D:11)
  19 yaks
  2 basilisks
  A hungry ghost (D:9)
  Grum (D:8)
  The ghost of xccam the Chopper, an amateur FoAK of Lugonu (D:3)
  2 vampire mosquitoes (D:12)
  8 wargs
  4 water moccasins
  A porcupine (Lair:1)
  30 orc warriors
  2 necrophages (D:8)
  An ice beast (D:10)
  3 sky beasts
  3 black bears
  2 phantoms
  7 wolves
  3 crocodiles (Lair:1)
  15 ogres
  3 centaurs
  A big kobold (D:11)
  9 bullfrogs
  A water moccasin zombie (D:8)
  2 scorpions
  23 killer bees
  5 wights (D:8)
  An electric eel (D:9)
  3 howler monkeys (D:9)
  2 centaur zombies
  5 crimson imps
  2 quasits
  11 orc priests
  5 hounds
  A centaur skeleton (D:7)
  2 jellies
  7 bullfrog skeletons
  3 iguanas
  23 orc wizards
  9 worker ants
  A hound zombie (D:11)
  2 hound skeletons
  2 worker ant zombies
  Robin (D:1)
  4 gnolls
  14 adders
  2 oozes
  An adder skeleton (D:5)
  3 worms
  2 dart slugs
  3 leopard geckos
  100 orcs
  4 bats
  6 giant cockroaches
  16 goblins
  4 hobgoblins (D:1)
  2 jackals
  5 quokkas
  A ball python (D:7)
  5 frilled lizards
  A jackal skeleton (D:4)
  2 jackal zombies
  5 kobolds
  2 leopard gecko skeletons
  A leopard gecko zombie (D:5)
  9 rats
450 creatures vanquished.

Vanquished Creatures (collateral kills)
  Snorg (D:12)
  2 yaks (D:11)
3 creatures vanquished.

Grand Total: 453 creatures vanquished

Notes
Turn   | Place    | Note
-------+----------+-------------------------------------------
     0 | D:1      | Monsterracer the Vine Stalker Ice Elementalist began the quest for the Orb.
     0 | D:1      | Reached XP level 1. HP: 9/9 MP: 4/4
   208 | D:1      | Reached XP level 2. HP: 13/13 MP: 0/6
   881 | D:2      | Noticed Robin
   886 | D:1      | Reached XP level 3. HP: 15/16 MP: 4/8
   903 | D:1      | HP: 5/16 [Robin/falchion of holy wrath (6)]
   940 | D:1      | Killed Robin
   940 | D:1      | Reached skill level 4 in Ice Magic
  1026 | D:2      | HP: 7/16 [goblin/club[Robin] (2)]
  1272 | D:1      | Learned a level 3 spell: Ozocubu's Armour
  1285 | D:2      | Gained mutation: Your natural rate of healing is unusually fast. [Vine Stalker growth]
  1285 | D:2      | Reached XP level 4. HP: 17/21 MP: 1/9
  1289 | D:2      | HP: 9/21 [goblin/stone (2)]
  1426 | D:2      | Learned a level 4 spell: Throw Icicle
  2450 | D:3      | Noticed xccam's ghost (amateur FoAK)
  2463 | D:4      | Reached XP level 5. HP: 24/24 MP: 3/11
  2535 | D:4      | Noticed an ogre
  2537 | D:4      | HP: 9/24 [ogre/giant club (15)]
  2545 | D:4      | Killed an ogre
  2545 | D:4      | Reached skill level 5 in Ice Magic
  2730 | D:3      | Reached XP level 6. HP: 28/28 MP: 12/12
  2913 | D:3      | Killed xccam's ghost
  3089 | D:3      | Learned a level 4 spell: Summon Ice Beast
  3355 | D:4      | Reached skill level 6 in Ice Magic
  3363 | D:4      | Reached XP level 7. HP: 29/32 MP: 1/14
  4124 | D:5      | Entered Level 5 of the Dungeon
  4308 | D:5      | Reached skill level 7 in Ice Magic
  4344 | D:5      | Reached skill level 1 in Summonings
  4344 | D:5      | Gained mutation: You have razor-sharp teeth. [Vine Stalker growth]
  4344 | D:5      | Reached XP level 8. HP: 36/36 MP: 16/16
  4373 | D:5      | Reached skill level 5 in Spellcasting
  5266 | D:6      | HP: 13/36 [orc warrior/glaive (20)]
  5371 | D:6      | Reached skill level 8 in Ice Magic
  5454 | D:6      | Found a staircase to the Ecumenical Temple.
  5503 | Temple   | Entered the Ecumenical Temple
  5605 | Temple   | Became a worshipper of Kikubaaqudgha
  6141 | D:7      | Reached XP level 9. HP: 33/39 MP: 14/18
  6203 | D:7      | HP: 18/39 [hippogriff (9)]
  6206 | D:7      | Reached skill level 5 in Conjurations
  6206 | D:7      | Reached skill level 1 in Necromancy
  6321 | D:7      | HP: 17/39 [orc warrior/long sword (13)]
  6332 | D:7      | HP: 14/39 [orc warrior/long sword (9)]
  6524 | D:7      | Found Taric's Gadget Boutique.
  6985 | D:8      | Reached skill level 1 in Fighting
  6991 | D:8      | HP: 18/41 [wight/dire flail (7)]
  7010 | D:8      | Noticed sankara's ghost (novice DrEn)
  7193 | D:8      | Killed sankara's ghost
  7193 | D:8      | Reached skill level 9 in Ice Magic
  7245 | D:8      | Reached * piety under Kikubaaqudgha
  7245 | D:8      | Identified Kikubaaqudgha's Guide on Sinister Arts (Kikubaaqudgha gifted it to you on level 8 of the Dungeon)
  7245 | D:8      | Received a gift from Kikubaaqudgha
  7263 | D:8      | Learned a level 2 spell: Sublimation of Blood
  7267 | D:8      | Learned a level 3 spell: Vampiric Draining
  7495 | D:8      | Reached XP level 10. HP: 47/47 MP: 18/21
  7611 | D:8      | Reached skill level 5 in Stealth
  7717 | D:7      | HP: 22/47 [poisoned by a killer bee]
  7721 | D:7      | Reached skill level 1 in Long Blades
  7722 | D:7      | HP: 16/48 [poisoned by a killer bee]
  7727 | D:7      | HP: 13/48 [poisoned by a killer bee]
  7733 | D:7      | HP: 12/48 [poisoned by a killer bee]
  7739 | D:7      | HP: 12/48 [poisoned by a killer bee]
  7745 | D:7      | HP: 13/48 [poisoned by a killer bee]
  7753 | D:7      | HP: 16/48 [poisoned by a killer bee]
  8071 | D:8      | Found Deusujek's Food Shoppe.
  8162 | D:8      | Reached skill level 10 in Ice Magic
  8393 | D:9      | Found a shattered altar of Ashenzari.
  8398 | D:9      | Identified the Incunabulum of Talismans and the Frostbite
  8403 | D:9      | Learned a level 2 spell: Corpse Rot
  8410 | D:9      | Learned a level 2 spell: Swiftness
  8473 | D:9      | Found a white marble altar of Elyvilon.
  8527 | D:9      | Reached ** piety under Kikubaaqudgha
  8737 | D:8      | Noticed Grum
  8748 | D:8      | Killed Grum
  8748 | D:8      | Reached skill level 1 in Charms
  8954 | D:9      | Reached skill level 5 in Necromancy
  9371 | D:9      | Found a staircase to the Lair.
  9377 | D:9      | Reached skill level 1 in Air Magic
  9377 | D:9      | Reached XP level 11. HP: 27/53 MP: 7/23
  9502 | D:9      | Noticed Maurice
  9539 | D:9      | Killed Maurice
  9549 | D:9      | HP: 39/79 [poisoned by Maurice]
  9554 | D:9      | HP: 25/53 [poisoned by Maurice]
  9559 | D:9      | HP: 25/53 [poisoned by Maurice]
  9564 | D:9      | HP: 26/53 [poisoned by Maurice]
  9889 | D:10     | Entered Level 10 of the Dungeon
  9941 | D:10     | Noticed a two-headed ogre
  9968 | D:10     | Killed a two-headed ogre
 10293 | D:10     | Noticed a brown ugly thing
 10330 | Lair:1   | Entered Level 1 of the Lair of Beasts
 10686 | Lair:1   | Reached *** piety under Kikubaaqudgha
 10686 | Lair:1   | Identified Kikubaaqudgha's Volume of Darkness (Kikubaaqudgha gifted it to you on level 1 of the Lair of Beasts)
 10686 | Lair:1   | Received a gift from Kikubaaqudgha
 10872 | Lair:1   | Noticed a seven-headed hydra
 10879 | Lair:1   | HP: 24/54 [seven-headed hydra (4)]
 11068 | Lair:1   | HP: 22/54 [seven-headed hydra (11)]
 11213 | D:10     | Noticed a two-headed ogre
 11219 | D:10     | HP: 19/54 [two-headed ogre/giant club (13)]
 11222 | D:10     | Killed a two-headed ogre
 11674 | D:10     | Noticed a two-headed ogre
 11682 | D:10     | Killed a two-headed ogre
 11999 | D:10     | HP: 24/54 [red ugly thing (13)]
 12003 | D:10     | HP: 4/54 [red ugly thing (12)]
 12371 | D:10     | Killed a red ugly thing
 12896 | D:11     | Gained mutation: You heal very quickly. [Vine Stalker growth]
 12896 | D:11     | Reached XP level 12. HP: 58/59 MP: 25/25
 12913 | D:11     | Learned a level 6 spell: Simulacrum
 12957 | D:11     | Reached skill level 5 in Fighting
 13254 | D:11     | Noticed a two-headed ogre
 13309 | D:11     | Killed a two-headed ogre
 13662 | D:11     | HP: 24/60 [yak (9)]
 13668 | D:11     | HP: 29/60 [yak (2)]
 14475 | D:12     | Reached skill level 5 in Long Blades
 14555 | D:12     | Noticed Snorg
 14570 | D:12     | HP: 23/60 [Snorg (10)]
 14571 | D:12     | Killed Snorg
 14713 | D:12     | Reached **** piety under Kikubaaqudgha
 14802 | D:12     | Found a staircase to the Orcish Mines.
 14846 | Orc:1    | Entered Level 1 of the Orcish Mines
 15134 | D:12     | HP: 26/60 [orc knight/halberd (10)]
 15940 | Orc:2    | Entered Level 2 of the Orcish Mines
 16220 | Orc:2    | Reached skill level 5 in Charms
 16221 | Orc:2    | HP: 30/60 [ogre/giant club (8)]
 16348 | Orc:1    | HP: 29/60 [ogre/giant spiked club (16)]
 16354 | Orc:1    | HP: 25/60 [orc warrior/glaive (4)]
 16573 | Orc:2    | Noticed a two-headed ogre
 16759 | Orc:2    | HP: 25/60 [orc warrior/halberd (16)]
 16768 | Orc:2    | HP: 29/60 [two-headed ogre/giant club (6)]
 16774 | Orc:1    | HP: 2/60 [two-headed ogre/giant club (28)]
 16795 | Orc:1    | Killed a two-headed ogre
 17467 | Orc:2    | Reached skill level 5 in Dodging
 17467 | Orc:2    | Reached XP level 13. HP: 60/65 MP: 19/27
 17657 | Orc:2    | Reached ***** piety under Kikubaaqudgha
 17657 | Orc:2    | HP: 30/65 [orc warrior/trident (4)]
 18156 | Orc:2    | Found a roughly hewn altar of Beogh.
 18273 | Orc:2    | Found Yrphomm's Gadget Shop.
 19818 | Lair:2   | Noticed Sonja
 19821 | Lair:2   | HP: 29/65 [redback (10)]
 19824 | Lair:1   | HP: 12/65 [redback (10)]
 19826 | Lair:1   | Slain by a redback

Skill      XL: |  1  2  3  4  5  6  7  8  9 10 11 12 13 |
---------------+----------------------------------------+-----
Ice Magic      | 4 5 6 7 8 9 10 | 10.0
Spellcasting   | 3 4 5 6 7 8 9 |  9.2
Conjurations   | 2 3 4 5 |  5.0
Summonings     | 1 3 |  3.0
Necromancy     | 3 5 7 8 9 |  9.4
Stealth        | 4 5 6 7 8 |  8.0
Fighting       | 2 3 4 5 6 |  6.2
Long Blades    | 2 4 6 |  6.9
Dodging        | 2 3 5 |  5.3
Charms         | 1 3 5 |  5.0
Air Magic      | 1 2 |  2.0

Action                   |  1- 3 |  4- 6 |  7- 9 | 10-12 | 13-15 || total
-------------------------+-------+-------+-------+-------+-------++-------
Melee: Dagger            |     1 |    12 |       |       |       ||    13
       Falchion          |     3 |    19 |   140 |     3 |       ||   165
       Bite              |     3 |     5 |    55 |   130 |    43 ||   236
       Trident           |       |       |     3 |       |       ||     3
       Scimitar          |       |       |       |   259 |    49 ||   308
 Cast: Freeze            |    37 |    72 |   147 |   353 |    82 ||   691
       Ozocubu's Armour  |       |     2 |    14 |    63 |     9 ||    88
       Throw Icicle      |       |       |     4 |    89 |    34 ||   127
       Sublimation of Bl |       |       |       |     3 |     2 ||     5
       Swiftness         |       |       |       |     2 |     1 ||     3
       Summon Ice Beast  |       |       |       |     7 |       ||     7
       Corpse Rot        |       |       |       |     3 |       ||     3
Invok: Receive Corpses   |       |       |       |     3 |       ||     3
Evoke: Wand              |       |       |       |    12 |       ||    12
  Use: Scroll            |       |     8 |     5 |    11 |     1 ||    25
 Stab: Sleeping          |       |     6 |     4 |     5 |       ||    15
  Eat: Chunk             |     1 |     6 |    12 |    40 |    11 ||    70
       Ration            |       |       |     1 |     1 |       ||     2
Armor: Robe              |     4 |    18 |    63 |   190 |    28 ||   303
       Skin              |       |       |       |     6 |       ||     6
Dodge: Dodged            |    46 |    95 |   188 |   802 |   173 ||  1304
       Rpst.: Falchion   |     7 |    12 |    55 |     1 |       ||    75
       Scimitar          |       |       |       |   226 |    54 ||   280

Vault maps used:
D:1:      moated_graveyard_arrival, kennysheep_minor_cross,
          roderic_st_hans_cross
D:2:      first_ration, uniq_robin
D:3:      serial_bayou, serial_bayou_pond_a, serial_bayou_shore_b,
          serial_bayou_ford_a, serial_bayou_shore_a
D:5:      kennysheep_generic_room_3
D:6:      minmay_temple_entry_trees, minivault_25
D:7:      serial_shops, kennysheep_little_box
D:8:      serial_shops, nicolae_shop_temple_entry_statues_fountains,
          david_nohive_1, uniq_grum
D:9:      elyvilon_altar_3, grunt_lair_entry_orc_guard_hut, basic_altar,
          hive_lemuel, uniq_maurice
D:12:     orc_0_dummy, basic_altar, hangedman_decor_clover_reticule, uniq_snorg,
          uniq_azrael, uniq_urug
Temple:   kilobyte_greek_temple
Lair:1:   infiniplex_staircase_pool_2
Lair:2:   minmay_swamp_entry_worms, spider_nest_entry_a, serial_bayou_shore_b,
          grunt_megastairs_5, uniq_fannar, uniq_sonja
Orc:1:    serial_shops
Orc:2:    pubby_orc_utopia, uniq_saint_roka
